 Dungeon Crawl Stone Soup version 0.25.1-2-g60ff931df9 (webtiles) character file.

Game seed: 18259657061550205293

306 Delamore the Skirmisher (level 6, 0/40 HPs)
             Began as a Gargoyle Fighter on Sept 27, 2020.
             Killed by divine providence
             ... invoked by an orc priest
              (12 damage)
             ... on level 4 of the Dungeon.
             The game lasted 00:02:05 (3090 turns).

Delamore the Skirmisher (Gargoyle Fighter)          Turns: 3090, Time: 00:02:06

Health: 0/40       AC: 15    Str: 21    XL:     6   Next: 39%
Magic:  0/6        EV: 11    Int:  9    God:
Gold:   136        SH:  9    Dex:  9    Spells: 5/5 levels left

rFire    . . .     SeeInvis .   a - +0 flail
rCold    . . .     Gourm    .   c - +0 kite shield
rNeg     + . .     Faith    .   b - +0 scale mail
rPois    ∞         Spirit   +   t - +0 helmet
rElec    +         Reflect  .   u - +2 cloak
rCorr    .         Harm     .   (no gloves)
MR       .....                  (no boots)
Stlth    ..........             o - amulet of guardian spirit
HPRegen  0.13/turn              k - +4 ring of slaying
MPRegen  0.10/turn              s - +4 ring of evasion

@: no status effects
A: negative energy resistance 1, electricity resistance, unbreathing,
petrification resistance, rot immunity, AC +4
a: no special abilities


You were on level 4 of the Dungeon.
You were not hungry.

You visited 1 branch of the dungeon, and saw 4 of its levels.

You collected 136 gold pieces.

Inventory:

Hand Weapons
 a - a +0 flail (weapon)
Armour
 b - a +0 scale mail (worn)
 c - a +0 kite shield (worn)
 t - a +0 helmet (worn)
 u - a +2 cloak (worn)
Jewellery
 g - an uncursed ring of wizardry
 k - a +4 ring of slaying (left hand)
 o - an amulet of guardian spirit (around neck)
 s - a +4 ring of evasion (right hand)
Scrolls
 e - 3 scrolls of teleportation {unknown}
 j - a scroll of random uselessness {unknown}
 l - 2 scrolls of enchant weapon {unknown}
 m - 3 scrolls of remove curse {unknown}
 n - a scroll of fog {unknown}
 p - a scroll of identify {unknown}
 r - a scroll of amnesia {unknown}
Potions
 d - 2 potions of might
 h - a potion of heal wounds {unknown}
 i - a potion of stabbing {unknown}
 q - 2 potions of brilliance {unknown}
 w - a potion of flight {unknown}
Comestibles
 f - 7 rations
 v - 2 chunks of flesh


   Skills:
 - Level 5.0 Fighting
 + Level 4.4 Maces & Flails
 - Level 3.2 Armour
 - Level 5.0 Shields


You had 5 spell levels left.
You didn't know any spells.
Your spell library was empty.

Dungeon Overview and Level Annotations

Branches:
Dungeon (4/15)
 Temple: D:4-7

Altars:
Elyvilon
Qazlal
Trog
Wu Jian


Innate Abilities, Weirdness & Mutations

You are resistant to torment.
Your stone body is resilient. (AC +4)
You are immune to poison.
You resist negative energy. (rN+)
You are resistant to electric shocks. (rElec)
You can survive without breathing.
You are immune to petrification.
You are immune to rotting.


Message History

The worker ant bites you but does no damage.
The hound closely misses you.
The orc priest invokes the aid of Beogh against you.
Beogh smites you!
* * * LOW HITPOINT WARNING * * *
The frilled lizard bites you but does no damage.
You are too injured to fight recklessly!
You are too injured to fight recklessly!
You are too injured to fight recklessly!
You are too injured to fight recklessly!
You are too injured to fight recklessly!
You are too injured to fight recklessly!
You are too injured to fight recklessly!
You are too injured to fight recklessly!
You are too injured to fight recklessly!
You are too injured to fight recklessly!
You block the worker ant's attack.
The orc priest calls down the wrath of Beogh upon you.
Beogh smites you!
You die...

##.................
##.................
#...................
#....................
###<.................
##...#.............
###.#.............
###.............
#.....@a........
##...#oh.oo.....
#.......o......
###....l.......
#..............
##.......?...##
#...#.##.....#
#...#### ...... #..#
......


You could see a hound, a worker ant, an orc priest, 3 orcs and a frilled lizard.

Vanquished Creatures
  An ogre (D:4)
  An iguana (D:4)
  Jessica (D:3)
  2 worker ants (D:4)
  Robin (D:3)
  3 adders
  A worm (D:2)
  2 dart slugs (D:1)
  4 leopard geckos
  5 orcs (D:3)
  4 bats
  5 giant cockroaches
  16 goblins
  7 hobgoblins
  A quokka (D:2)
  A ball python (D:2)
  2 frilled lizards (D:1)
  5 kobolds
  7 rats
69 creatures vanquished.

Notes
Turn   | Place    | Note
-------+----------+-------------------------------------------
     0 | D:1      | Delamore the Gargoyle Fighter began the quest for the Orb.
     0 | D:1      | Reached XP level 1. HP: 14/14 MP: 1/1
   391 | D:1      | Reached XP level 2. HP: 19/19 MP: 2/2
   855 | D:1      | Reached XP level 3. HP: 24/24 MP: 3/3
  1596 | D:2      | Found a bloodstained altar of Trog.
  1596 | D:2      | Found a white marble altar of Elyvilon.
  1664 | D:2      | You fall into a shaft and drop 1 floor!
  1695 | D:3      | Reached XP level 4. HP: 21/29 MP: 4/4
  2108 | D:3      | Noticed Robin
  2136 | D:3      | Killed Robin
  2371 | D:3      | Found a stormy altar of Qazlal.
  2498 | D:3      | Found an ornate altar of the Wu Jian Council.
  2519 | D:3      | Noticed Jessica
  2532 | D:3      | Killed Jessica
  2532 | D:3      | Reached XP level 5. HP: 30/34 MP: 0/5
  3004 | D:4      | Noticed an ogre
  3012 | D:4      | Killed an ogre
  3012 | D:4      | Reached skill level 5 in Fighting
  3012 | D:4      | Reached skill level 5 in Shields
  3012 | D:4      | Reached XP level 6. HP: 40/40 MP: 6/6
  3090 | D:4      | Killed from afar by an orc priest

Illustrated notes

Levels and vault maps discovered:
D:1:      dpeg_arrival_another_circle, layout_basic
D:2:      layout_basic, gammafunk_temple_overflow_elements
D:3:      layout_loops_ring, old_standard_altar,
          nicolae_qazlal_eye_of_the_storm, uniq_robin, uniq_jessica
D:4:      layout_cave_pools, serial_shops, shop, first_ration

Skill      XL: |  1  2  3  4  5 |
---------------+----------------+-----
Shields        | 4 5 |  5.0
Fighting       | 4 5 |  5.0
Maces & Flails | 3 4 |  4.4
Armour         | |  3.2

Action                   |  1- 3 |  4- 6 || total
-------------------------+-------+-------++-------
Melee: Flail             |   134 |    91 ||   225
  Eat: Chunk             |     3 |     4 ||     7
Armor: Scale mail        |    90 |    44 ||   134
Dodge: Dodged            |    57 |    32 ||    89
Block: Kite shield       |    98 |    55 ||   153
